 Dungeon Crawl Stone Soup version 0.22.0 (webtiles) character file.

284 rednecknazgul the Slasher (level 6, -4/32 HPs)
             Began as a Vine Stalker Gladiator on Aug 11, 2018.
             Was an Initiate of Gozag.
             Killed by divine providence
             ... invoked by an orc priest
              (6 damage)
             ... on level 3 of the Dungeon.
             The game lasted 00:03:05 (1626 turns).

rednecknazgul the Slasher (Vine Stalker Gladiator)  Turns: 1626, Time: 00:03:07

Health: -4/32      AC:  7    Str: 18    XL:     6   Next: 29%
Magic:  0/7        EV: 11    Int:  8    God:    Gozag
Gold:   69         SH:  0    Dex: 16    Spells: 5/5 levels left

rFire    . . .     SeeInvis .   a - +0 long sword
rCold    . . .     Gourm    .   (no shield)
rNeg     . . .     Faith    .   g - +0 scale mail
rPois    .         Spirit   +   c - +0 helmet
rElec    .         Reflect  .   (no cloak)
rCorr    .         Harm     .   (no gloves)
MR       .....                  (no boots)
Stlth    ..........             (no amulet)
HPRegen  0.50/turn              (no ring)
MPRegen  0.10/turn              (no ring)

@: no status effects
A: fangs 2, regeneration 1, magic shield, antimagic bite, no potion heal 3, rot
immunity
a: Potion Petition, Call Merchant, Bribe Branch, Renounce Religion


You were on level 3 of the Dungeon.
You worshipped Gozag.
Gozag was noncommittal.
You were not hungry.

You visited 1 branch of the dungeon, and saw 3 of its levels.

You collected 80 gold pieces.
You paid 11 gold pieces to Gozag.

Inventory:

Hand Weapons
 a - a +0 long sword (weapon)
Missiles
 d - 3 throwing nets (quivered)
Armour
 c - a +0 helmet (worn)
 g - a +0 scale mail (worn)
Wands
 n - a wand of digging (13)
Scrolls
 e - a scroll of fear {unknown}
 k - a scroll of enchant armour {unknown}
 m - 3 scrolls of teleportation
 o - 3 scrolls of random uselessness {unknown}
 p - a scroll of fog {unknown}
 r - 2 scrolls of amnesia {unknown}
Potions
 b - a potion of haste {unknown}
 h - a potion of brilliance {unknown}
 i - a potion of agility {unknown}
 j - a potion of curing {unknown}
 l - a potion of heal wounds {unknown}
Comestibles
 f - 2 rations
 q - a chunk of flesh


   Skills:
 + Level 3.0 Fighting
 * Level 4.4 Long Blades
 - Level 1.7 Throwing
 + Level 2.0 Armour
 + Level 3.3 Dodging


You had 5 spell levels left.
You didn't know any spells.
Your spell library was empty.

Dungeon Overview and Level Annotations

Branches:
Dungeon (3/15)

Altars:
Dithmenos
Gozag
Yredelemnul
The Shining One


Innate Abilities, Weirdness & Mutations

You have extremely sharp teeth.
Your natural rate of healing is unusually fast.
When hurt, damage is shared between your health and your magic reserves.
Your bite disrupts and absorbs the magic of your enemies.
Potions cannot restore your health.
You are immune to rotting.


Message History

You hit the orc priest. You bite the orc priest. You drain its power.
You feel invigorated.
The orc priest is heavily wounded.
The orc priest hits you with a flail.
* * * LOW HITPOINT WARNING * * *
Unknown command.
You hit the orc priest but do no damage.
You bite the orc priest. You drain its power.
You feel invigorated.
The orc priest is severely wounded.
The orc priest hits you with a flail.
* * * LOW HITPOINT WARNING * * *
Unknown command.
You barely miss the orc priest. You bite the orc priest. You drain its power.
You feel invigorated.
The orc priest is almost dead.
The orc priest looks encouraged for a moment.
The orc priest calls down the wrath of Beogh upon you.
Beogh smites you!
You die...
Your body crumbles into a pile of gold.

####.........#######.##
#####.#...........#
#.#...######### #.#####
#.# #.# #.# #.# #@# #o#
#o# .o. ... #...# ...##
#..#


You could see 2 orc priests and an orc.

Vanquished Creatures
  Sigmund (D:2)
  3 gnolls (D:2)
  3 adders (D:2)
  4 worms
  3 leopard geckos
  An orc (D:3)
  8 bats
  3 giant cockroaches
  5 goblins
  8 hobgoblins
  5 jackals
  5 frilled lizards
  11 rats
60 creatures vanquished.

Notes
Turn   | Place    | Note
-------+----------+-------------------------------------------
     0 | D:1      | rednecknazgul the Vine Stalker Gladiator began the quest for the Orb.
     0 | D:1      | Reached XP level 1. HP: 11/11 MP: 2/2
    45 | D:1      | Reached XP level 2. HP: 10/15 MP: 3/3
    81 | D:1      | Reached skill level 3 in Long Blades
   234 | D:1      | Reached XP level 3. HP: 6/18 MP: 4/4
   700 | D:2      | Reached skill level 1 in Armour
   913 | D:2      | Noticed Sigmund
   931 | D:2      | Killed Sigmund
   931 | D:2      | Reached skill level 4 in Long Blades
   931 | D:2      | Gained mutation: Your natural rate of healing is unusually fast. [Vine Stalker growth]
   931 | D:2      | Reached XP level 4. HP: 5/23 MP: 2/5
   931 | D:2      | Reached XP level 5. HP: 6/28 MP: 2/6
  1012 | D:2      | Reached XP level 6. HP: 32/32 MP: 7/7
  1270 | D:2      | Found a basalt altar of Yredelemnul.
  1272 | D:2      | Found a glowing golden altar of the Shining One.
  1275 | D:2      | Noticed an angel
  1294 | D:2      | Noticed a profane servitor
  1413 | D:2      | Found an opulent altar of Gozag.
  1413 | D:2      | Found a shadowy altar of Dithmenos.
  1419 | D:2      | Became a worshipper of Gozag Ym Sagoz the Greedy
  1625 | D:3      | HP: 1/32 [orc priest/flail (2)]
  1626 | D:3      | Killed from afar by an orc priest

Skill      XL: |  1  2  3  4  5  6 |
---------------+-------------------+-----
Fighting       | 2 3 |  3.0
Long Blades    | 3 4 |  4.4
Armour         | 1 2 |  2.0
Dodging        | 3 |  3.3
Throwing       | |  1.7

Action                   |  1- 3 |  4- 6 || total
-------------------------+-------+-------++-------
Melee: Long sword        |    94 |    71 ||   165
       Bite              |    33 |    35 ||    68
Throw: Throwing net      |     3 |     1 ||     4
  Use: Scroll            |     3 |       ||     3
 Stab: Held in net/web   |       |     1 ||     1
  Eat: Chunk             |       |     3 ||     3
Armor: Leather armour    |    27 |       ||    27
       Scale mail        |       |    23 ||    23
Dodge: Dodged            |    57 |    24 ||    81
       Rpst.: Long sword |    20 |    10 ||    30
